 Seeded DCSS version 0.27.1-1-g398f81649c (webtiles) character file.

Game seed: 16833236049872184031 (custom seed)

32 aster the Poker (level 3, 0/43 HPs)
             Began as a Merfolk Abyssal Knight on Sept 12, 2021.
             Was a Follower of Lugonu.
             Slain by a frilled lizard (1 damage)
             ... on level 1 of the Dungeon.
             The game lasted 00:01:23 (1036 turns).

aster the Poker (Merfolk Abyssal Knight)            Turns: 1036, Time: 00:01:24

Health: 0/43       AC: 21    Str: 13    XL:     3   Next: 25%
Magic:  4/4        EV:  2    Int: 11    God:    Lugonu [*.....]
Gold:   60         SH:  0    Dex: 13    Spells: 2/2 levels left

rFire    . . .     SeeInvis +   a - +1 spear
rCold    . . .     Faith    .   (no shield)
rNeg     + + +     Spirit   .   (armour currently unavailable)
rPois    +         Reflect  .   (helmet currently unavailable)
rElec    .         Harm     .   (cloak currently unavailable)
rCorr    .         Rampage  .   (gloves currently unavailable)
Will     .....     NoTele   +   (boots currently unavailable)
Stlth    +.........             (no amulet)
HPRegen  0.14/turn              g - ring of see invisible
MPRegen  0.09/turn              (no ring)

@: tree-form
A: stationary, stasis, torment immunity, boosted hp, (nimble swimmer 2),
(mertail)
a: Renounce Religion, Depart the Abyss


You were on level 1 of the Dungeon.
You worshipped Lugonu.
Lugonu was aware of your devotion.
You were a tree.
You visited 1 branch of the dungeon, and saw 2 of its levels.
You visited the Abyss 1 time.

You collected 60 gold pieces.

Inventory:

Hand Weapons
 a - a +1 spear (weapon)
Armour
 b - a +0 leather armour (melded)
Jewellery
 g - a ring of see invisible (left branch)
Scrolls
 c - a scroll of fog {unknown}
 e - 3 scrolls of acquirement {unknown}
 f - a scroll of brand weapon {unknown}
 i - a scroll of identify {unknown}
Potions
 h - a potion of might {unknown}


   Skills:
 + Level 3.6 Fighting
 * Level 4.0 Polearms
 - Level 0.6 Armour
 + Level 3.2 Dodging
 + Level 2.4 Invocations


You had 2 spell levels left.
You didn't know any spells.
Your spell library contained the following spells:

 Spells                   Type           Power      Damage    Failure   Level
 Portal Projectile        Hex/Tloc       0%         N/A       71%         3
 Blade Hands              Tmut           0%         N/A       100%        5
 Excruciating Wounds      Necr           0%         N/A       100%        5


Dungeon Overview and Level Annotations

Branches:
Dungeon (2/15)

Altars:


Innate Abilities, Weirdness & Mutations

You are a tree.
Your roots penetrate the ground, keeping you stationary.
You cannot be teleported.
You are immune to unholy pain and torment.
Your maximum health is greatly increased.
Your equipment is partially melded.
((You are quick and stealthy near water. (Stealth+, EV+, Speed+++)))
((Your lower body shifts to a powerful aquatic tail in water.))


Message History

You barely miss the adder.
The adder is moderately wounded.
* * * LOW HITPOINT WARNING * * *
You feel sick. The adder misses you. The frilled lizard misses you.
It was a potion of lignification.
You turn into a tree.
Your +0 leather armour melds into your body.
Your roots penetrate the ground.
You feel sick. The adder bites you but does no damage.
The frilled lizard barely misses you.
You hit the adder but do no damage.
The adder is moderately wounded.
You feel sick. The adder bites you but does no damage.
The frilled lizard barely misses you.
You miss the adder.
The adder is moderately wounded.
You feel sick. The adder bites you.
* * * LOW HITPOINT WARNING * * *
The frilled lizard bites you but does no damage.
The adder bites you but does no damage.
You completely miss the adder.
The adder is moderately wounded.
* * * LOW HITPOINT WARNING * * *
You feel sick. The adder bites you but does no damage.
The frilled lizard bites you but does no damage.
You miss the adder.
The adder is moderately wounded.
* * * LOW HITPOINT WARNING * * *
You feel sick. The adder bites you but does no damage.
The frilled lizard bites you but does no damage.
You closely miss the adder.
The adder is moderately wounded.
* * * LOW HITPOINT WARNING * * *
You feel sick.
You are no longer poisoned.
The adder bites you but does no damage.
You hit the adder.
The adder is moderately wounded.
The adder bites you but does no damage.
The frilled lizard hisses.
The frilled lizard bites you.
You die...

#..'.8..PP##....###.##.#..#.#..
#..#.#.####.....###.#.....#.#.#
#..#.#...#..........#..####.#.#
#..#.###'##.....#####......)).#
#..#....P#......# #.#####.#.#
###..#######.##..######.....#....
#....#####.#.##..........####....
##.#.......#.............####....
##.#########....♣..[.............
#..............l.S...............
#######...........###############
#...................)..........##
#######............##..........##
#............##..........##
#......#.....##..........##
#......########.#......####
#......# #.#......####


You could see an adder and a frilled lizard.

Vanquished Creatures
  A dart slug (D:2)
  3 ball pythons (D:1)
  A bat (D:1)
  2 endoplasms (D:1)
  A giant cockroach (D:1)
  5 goblins (D:1)
  4 hobgoblins (D:1)
  3 kobolds (D:1)
  3 frilled lizards (D:1)
  4 rats (D:1)
27 creatures vanquished.

Notes
Turn   | Place    | Note
-------+----------+-------------------------------------------
     0 | Abyss:1  | aster the Merfolk Abyssal Knight began the quest for the
                  | Orb.
     0 | Abyss:1  | Reached XP level 1. HP: 18/18 MP: 2/2
    23 | Abyss:1  | Noticed a sixfirhy
    24 | D:1      | Escaped the Abyss
   119 | D:1      | Reached XP level 2. HP: 21/24 MP: 3/3
   120 | D:1      | Reached * piety under Lugonu
   208 | D:1      | Found a faded altar of an unknown god.
   538 | D:1      | Reached XP level 3. HP: 29/29 MP: 4/4
   802 | D:1      | Reached skill level 4 in Polearms
  1034 | D:1      | HP: 2/43 [poisoned by an adder]
  1036 | D:1      | Slain by a frilled lizard

Illustrated notes

Levels and vault maps discovered:
D:1:      dpeg_arrival_round_b, layout_basic, shapermc_ecumenical_altar_ellora
D:2:      layout_basic, basic_altar, minmay_small_reverse_x

Skill      XL: |  1  2  3 |
---------------+----------+-----
Dodging        | 3 |  3.2
Polearms       | 4 |  4.0
Fighting       | |  3.6
Armour         | |  0.6
Invocations    | |  2.4

Action                   || total
-------------------------++-------
Melee: Spear             ||    97
Invok: Depart the Abyss  ||     1
  Use: Potion            ||     1
Armor: Leather armour    ||     9
       Skin              ||    10
Dodge: Dodged            ||    38
